[Event "*** Titled Tuesday Blitz"]
[Site "Chess.com"]
[Date "2020.12.29"]
[Round "4"]
[White "CraiggoryC"]
[Black "AsaHoffmann"]
[Result "0-1"]
[WhiteElo "2205"]
[BlackElo "2351"]
[TimeControl "180+1"]
[EndTime "10:38:21 PST"]
[Termination "AsaHoffmann won on time"]

1. e4 d6 2. d4 Nf6 3. Nc3 c6 4. f4 Qa5 5. e5 Nd5 6. Qf3 Bf5 7. Bd3 Bxd3 8. Qxd3 e6 9. Nf3 Be7 10. O-O Nd7 11.
exd6 Bxd6 12. Ne4 Be7 13. f5 exf5 14. Ng3 g6 15. Bh6 O-O-O 16. Rae1 Rhe8 17. c4 Nb4 18. Qc3 Qb6 19. a3 Na6 20. b4 Nc7 21. Be3 Qa6 22.
b5 cxb5 23. cxb5 Qxa3 24. Qc2 Bb4 25. Bf4 Bd6 26. Ra1 Qb4 27. Rfb1 Qxb1+ 28. Rxb1 Bxf4 29. Ne2 Bd6 30. Nc3 Kb8 31. Ra1 Nb6 32. Na4 Rc8 33.
Nc5 Nxb5 34. Qb3 Bxc5 35. dxc5 Rxc5 36. Qxf7 Rec8 37. Qxh7 Rc1+ 38. Rxc1 Rxc1+ 39. Kf2 Rc2+ 40. Kg3 Rc6 41. Qg8+ Nc8 42. h4 a5 43. Ng5 a4 44. Ne6 a3 45. Nd8 Rc3+ 46. Kf4 Rc2 47. Qf7 Ncd6 0-1

[Event "*** Titled Tuesday Blitz"]
[Site "Chess.com"]
[Date "2020.12.29"]
[Round "4"]
[White "grandcoach"]
[Black "Kale36"]
[Result "1-0"]
[WhiteElo "2122"]
[BlackElo "2281"]
[TimeControl "180+1"]
[EndTime "10:38:22 PST"]
[Termination "grandcoach won by resignation"]

1. e4 Nc6 2. d4 e5 3. dxe5 Nxe5 4. f4 Nc6 5. Nf3 Bc5 6. Bc4 d6 7. Qe2 Nge7 8. Nc3 O-O 9. Be3 Bg4 10. O-O-O Bxe3+ 11. Qxe3 Be6 12. Bd3 Nb4 13. Kb1 Nxd3 14. Rxd3 Bc4 15.
Rd4 Ba6 16. h4 Re8 17. h5 Nf5 18. Qd2 Nxd4 19. Qxd4 c5 20. Qd2 b6 21. h6 Bb7 22.
hxg7 Bxe4 23. Nxe4 Rxe4 24. Ng5 Rd4 25. Qf2 Qf6 26. Nxh7 Qxf4 27. Nf6+ Kxg7 28. Nh5+ 1-0

[Event "*** Titled Tuesday Blitz"]
[Site "Chess.com"]
[Date "2020.12.29"]
[Round "4"]
[White "crescentmoon2411"]
[Black "1977Ivan"]
[Result "1-0"]
[WhiteElo "2891"]
[BlackElo "2705"]
[TimeControl "180+1"]
[EndTime "10:38:24 PST"]
[Termination "crescentmoon2411 won by resignation"]

1. e4 e5 2. Nf3 Nc6 3. Bb5 Nd4 4. Bc4 Bc5 5. c3 Nxf3+ 6. Qxf3 Nf6 7. d3 d6 8. Bg5 h6 9. Bxf6 Qxf6 10. Qxf6 gxf6 11.
Nd2 f5 12. Nf3 fxe4 13. dxe4 f5 14. Bd3 fxe4 15. Bxe4 Rf8 16. O-O a5 17. a4 c6 18.
Rae1 Be6 19. Bd3 Kd7 20. Nd2 Bb6 21. Re2 Rf4 22. Re4 Raf8 23. Rxf4 Rxf4 24. Bc2 d5 25. g3 Rf6 26. Kg2 e4 27. f3 e3 28. Nb3 c5 29.
Re1 d4 30. cxd4 Bxb3 31. Bxb3 cxd4 32. Bc4 Kd6 33. Bd3 Bc5 34. f4 Kd5 35. Kf3 Rb6 36.
Bb5 d3 37. Bxd3 Rxb2 38. Re2 Rb3 39. Bb5 Kd4 40. g4 Rb1 41. Rxe3 Rf1+ 42. Bxf1 1-0

[Event "*** Titled Tuesday Blitz"]
[Site "Chess.com"]
[Date "2020.12.29"]
[Round "4"]
[White "MaevskiyNikolay"]
[Black "Fortitudine"]
[Result "1-0"]
[WhiteElo "2588"]
[BlackElo "2357"]
[TimeControl "180+1"]
[EndTime "10:38:24 PST"]
[Termination "MaevskiyNikolay won by resignation"]

1. d4 Nf6 2. c4 c5 3. d5 b5 4. Nf3 g6 5. e3 Bg7 6. cxb5 a6 7. Nc3 O-O 8. a4 d6 9. Bd2 Bb7 10. e4 e6 11. Bc4 exd5 12. exd5 Re8+ 13. Be3 Ng4 14.
Qd3 Bh6 15. Nd1 Qe7 16. Ra3 axb5 17. Bxb5 Ba6 18. O-O Nxe3 19. Nxe3 Bxb5 20. Qxb5 Na6 21. a5 Nb4 22. a6 Reb8 23. Qc4 Qd7 24. h4 Qb5 25. Qg4 Rxa6 26. Nf5 Bf8 27. h5 Rxa3 28. bxa3 Nxd5 29. Ng5 Qe8 30. Qf3 Qe5 31. Nh6+ Bxh6 32.
Qxf7+ 1-0

[Event "*** Titled Tuesday Blitz"]
[Site "Chess.com"]
[Date "2020.12.29"]
[Round "4"]
[White "Eloist"]
[Black "Orest_Vovk"]
[Result "1-0"]
[WhiteElo "2351"]
[BlackElo "2500"]
[TimeControl "180+1"]
[EndTime "10:38:24 PST"]
[Termination "Eloist won by resignation"]

1. e4 Nc6 2. Nf3 d5 3. exd5 Qxd5 4. Nc3 Qa5 5. Bb5 Bd7 6. O-O O-O-O 7. Re1 a6 8. Bc4 Nh6 9. d3 e6 10. Bd2 Qh5 11. Ne4 Nf5 12. Nfg5 Qg6 13. a3 Be7 14. b4 Ncd4 15. c3 h6 16. Nh3 Nc6 17. Nf4 Qh7 18.
d4 Bg5 19. a4 Nd6 20. Bd3 f5 21. Nc5 Bxf4 22. Bxf4 Rde8 23. b5 axb5 24. axb5 Nb8 25. Ra8 Bxb5 26. Bxb5 Nxb5 27. Qb3 g5 28. Qxb5 gxf4 29.
Qxb7+ Kd8 30. Rxb8+ Ke7 31. Rxe6+ Kf7 32. Qxc7+ 1-0

[Event "*** Titled Tuesday Blitz"]
[Site "Chess.com"]
[Date "2020.12.29"]
[Round "4"]
[White "peixe64"]
[Black "rududuyk"]
[Result "1-0"]
[WhiteElo "2450"]
[BlackElo "2281"]
[TimeControl "180+1"]
[EndTime "10:38:24 PST"]
[Termination "peixe64 won by resignation"]

1. e4 e6 2. d4 d5 3. Nc3 Bb4 4. e5 c5 5. a3 Bxc3+ 6. bxc3 Ne7 7. Nf3 b6 8. a4 Ba6 9. Bd3 Bxd3 10. cxd3 Nbc6 11.
dxc5 bxc5 12. O-O O-O 13. d4 Qa5 14. Ba3 cxd4 15. cxd4 Rfc8 16. Rb1 Qc3 17. Bc5 Nf5 18. Rb3 Qa5 19. Rb5 Qc3 20. g4 Nfe7 21. Re1 Ng6 22. Re3 Qc4 23. Nd2 Qa2 24. Ra3 Qxa3 25. Bxa3 Nxd4 26.
Rb7 Nxe5 27. Bb2 Ndc6 28. Qe2 f6 29. f4 Na5 30. Rb5 Nac4 31. fxe5 Nxb2 32. Rxb2 Rc1+ 33.
Kg2 Rf8 34. exf6 Rxf6 35. Rb8+ Kf7 36. Nf3 Ke7 37. Rb7+ 1-0

[Event "*** Titled Tuesday Blitz"]
[Site "Chess.com"]
[Date "2020.12.29"]
[Round "4"]
[White "ODreamchess"]
[Black "kirillshevchenko"]
[Result "1/2-1/2"]
[WhiteElo "2692"]
[BlackElo "2873"]
[TimeControl "180+1"]
[EndTime "10:38:25 PST"]
[Termination "Game drawn by agreement"]

1. d4 Nf6 2. Nf3 d6 3. Nc3 Bf5 4. Bg5 Nbd7 5. e3 h6 6. Bh4 e5 7.
dxe5 dxe5 8. Bd3 Bxd3 9. Qxd3 Bd6 10. O-O-O g5 11. Bg3 Qe7 12. Qf5 Qe6 13. Qxe6+ fxe6 14. Nd2 Ke7 15. Nde4 Nxe4 16. Nxe4 Raf8 17. f3 Nf6 18.
Nxf6 Rxf6 19. h3 h5 20. e4 Rg8 21. Kd2 Rf7 22. Ke2 a6 23. c4 b5 24. c5 Bxc5 25. Bxe5 Bd6 26. Bd4 g4 27. hxg4 hxg4 28. e5 gxf3+ 29.
gxf3 Bb4 30. a3 Ba5 31. Bc5+ Ke8 32. Rdg1 Rxg1 33. Rxg1 Rf5 34. Kd3 Rxe5 35. b4 Bb6 36.
Bxb6 cxb6 37. Rg7 Re1 38. Ra7 Kd8 39. Kd4 1/2-1/2

[Event "*** Titled Tuesday Blitz"]
[Site "Chess.com"]
[Date "2020.12.29"]
[Round "4"]
[White "sergiochess83"]
[Black "Meri-Arabidze"]
[Result "1-0"]
[WhiteElo "2796"]
[BlackElo "2633"]
[TimeControl "180+1"]
[EndTime "10:38:25 PST"]
[Termination "sergiochess83 won on time"]

1. e4 c5 2. Nf3 e6 3. d4 cxd4 4. Nxd4 Nc6 5. Nc3 a6 6. Bf4 d6 7. Nxc6 bxc6 8. Qd2 e5 9. Bg5 Nf6 10. Bc4 Be7 11. O-O-O O-O 12. f3 Be6 13. Bb3 Ne8 14.
Be3 a5 15. h4 Nc7 16. g4 Qb8 17. f4 a4 18. Nxa4 Bxb3 19. cxb3 Ne6 20. f5 Nf4 21. g5 d5 22. Bxf4 exf4 23. exd5 cxd5 24. Qxd5 Rd8 25. Qe4 Rc8+ 26. Kb1 Bb4 27. Rd7 Ra5 28. Rb7 Qa8 29. Rxb4 Qa7 30. Re1 h5 31. g6 1-0

[Event "*** Titled Tuesday Blitz"]
[Site "Chess.com"]
[Date "2020.12.29"]
[Round "4"]
[White "Sueetin"]
[Black "MillyNeuf"]
[Result "1-0"]
[WhiteElo "2497"]
[BlackElo "2328"]
[TimeControl "180+1"]
[EndTime "10:38:25 PST"]
[Termination "Sueetin won by resignation"]

1. e4 c5 2. Nf3 d6 3. d4 cxd4 4. Nxd4 Nf6 5. Nc3 g6 6. Be3 Bg7 7. f3 O-O 8. Bc4 Nc6 9. Qd2 Bd7 10. O-O-O Rc8 11. Bb3 Nxd4 12. Bxd4 b5 13. Kb1 a5 14. a3 b4 15. axb4 axb4 16. Na2 Qa5 17. Qxb4 Qa6 18. Nc3 Rb8 19. Qc4 Qa5 20. Rhe1 Rfc8 21. Qxf7+ Kh8 22.
e5 Ra8 23. Na2 dxe5 24. Rxe5 Qa6 25. Rxe7 Rg8 26. Bxf6 Qxf6 27. Qxf6 Bxf6 28. Bxg8 Bxe7 29. Rxd7 Kxg8 30. Rxe7 h5 31. Nc3 g5 32. Ne4 h4 33. Nxg5 h3 34. Nxh3 Kh8 35. Ng5 Kg8 36. Ne4 Kh8 37. b4 Kg8 38. Kb2 Kh8 39. Kb3 Kg8 40. c4 Kh8 41. b5 Kg8 42. b6 Kh8 43. c5 Kg8 44. c6 Kh8 45. b7 Rb8 46. Rc7 1-0

[Event "*** Titled Tuesday Blitz"]
[Site "Chess.com"]
[Date "2020.12.29"]
[Round "4"]
[White "Andrakhanova"]
[Black "akanga001"]
[Result "1-0"]
[WhiteElo "2242"]
[BlackElo "1940"]
[TimeControl "180+1"]
[EndTime "10:38:25 PST"]
[Termination "Andrakhanova won on time"]

1. c4 b6 2. Nc3 Bb7 3. d4 d6 4. Nf3 Nd7 5. g3 e5 6. dxe5 dxe5 7. Bg2 Ngf6 8. O-O Be7 9. b3 O-O 10. Bb2 Re8 11. Qc2 Bf8 12. Rad1 Qb8 13. Nd5 Nxd5 14. cxd5 Bd6 15. Ng5 g6 16. h4 Qd8 17. f4 exf4 18. gxf4 Qe7 19. e4 h6 20. Nf3 Bxf4 21. h5 Be3+ 22. Kh1 Bf4 23. hxg6 fxg6 24. e5 Kh7 25. e6 Nf6 26. Nh4 1-0

[Event "*** Titled Tuesday Blitz"]
[Site "Chess.com"]
[Date "2020.12.29"]
[Round "4"]
[White "VerdeNotte"]
[Black "tjychess"]
[Result "1-0"]
[WhiteElo "2897"]
[BlackElo "2729"]
[TimeControl "180+1"]
[EndTime "10:38:27 PST"]
[Termination "VerdeNotte won by resignation"]

1. Nf3 d5 2. b3 Nf6 3. Bb2 c6 4. g3 Bf5 5. Bg2 Nbd7 6. d3 Qc7 7. c4 e6 8. O-O Be7 9. Nc3 O-O 10. Rc1 h6 11.
cxd5 exd5 12. Nd4 Bg6 13. e4 dxe4 14. dxe4 Rad8 15. Nd5 Nxd5 16. exd5 Ne5 17. dxc6 bxc6 18. Qd2 c5 19. Qc3 Nd3 20. Ne6 Bf6 21. Nxc7 Bxc3 22. Bxc3 Nxc1 23. Rxc1 Rd7 24. Nd5 Rfd8 25. Ne3 Bd3 26.
Ba5 Rb8 27. Rxc5 Ba6 28. Nd5 Bb7 29. h4 Re8 30. Nc7 Rb8 31. Rb5 a6 32. Rxb7 1-0

[Event "*** Titled Tuesday Blitz"]
[Site "Chess.com"]
[Date "2020.12.29"]
[Round "4"]
[White "jocmil"]
[Black "Smirnov_Pavel"]
[Result "1-0"]
[WhiteElo "2546"]
[BlackElo "2795"]
[TimeControl "180+1"]
[EndTime "10:38:27 PST"]
[Termination "jocmil won by resignation"]

1. d4 Nf6 2. Nf3 e6 3. Bg5 c5 4. c3 h6 5. Bxf6 Qxf6 6. e3 b6 7. Nbd2 Bb7 8. Bd3 Qd8 9. Qe2 Be7 10. O-O-O O-O 11. h4 Nc6 12. g4 cxd4 13. exd4 Rc8 14. Kb1 g6 15. Ne4 d5 16. Ng3 Qd6 17. g5 Qf4 18. h5 hxg5 19. hxg6 g4 20. Nh4 e5 21.
g7 e4 22. Bc2 Bf6 23. gxf8=Q+ Kxf8 24. Qe3 Qxe3 25. fxe3 Ne7 26. Nhf5 Ng6 27. Nd6 Rc7 28. Rdf1 Bg5 29. Rh7 Ba6 30. Nxf7 Rxf7 1-0

[Event "*** Titled Tuesday Blitz"]
[Site "Chess.com"]
[Date "2020.12.29"]
[Round "4"]
[White "MokshanovAlexey"]
[Black "Lagmantr"]
[Result "1-0"]
[WhiteElo "2633"]
[BlackElo "2778"]
[TimeControl "180+1"]
[EndTime "10:38:28 PST"]
[Termination "MokshanovAlexey won by resignation"]

1. e4 c6 2. d4 d5 3. exd5 cxd5 4. Bd3 Nc6 5. c3 Nf6 6. Ne2 Bg4 7. O-O Qc7 8. Qe1 e6 9. f3 Bh5 10. Nf4 Bg6 11.
Nxg6 hxg6 12. g3 Bd6 13. Nd2 O-O-O 14. f4 Rh3 15. Nf3 Rdh8 16. Rf2 Ne7 17. Ng5 Nf5 18. Nxh3 Rxh3 19. Kg2 Rh7 20. Qe2 Qd8 21. Qf3 Qh8 22. Kg1 Rh3 23. Bd2 Nh6 24. f5 gxf5 25. Bxh6 Qxh6 26.
Re1 Ng4 27. Bxf5 Nxf2 28. Qxf2 Bxg3 29. Bxe6+ Kd8 30. Qxf7 Bxh2+ 31. Kf1 Qf4+ 32. Qxf4 1-0

[Event "*** Titled Tuesday Blitz"]
[Site "Chess.com"]
[Date "2020.12.29"]
[Round "4"]
[White "IMAghasiyevKamal"]
[Black "NMShanMeruga"]
[Result "0-1"]
[WhiteElo "2600"]
[BlackElo "2425"]
[TimeControl "180+1"]
[EndTime "10:38:28 PST"]
[Termination "NMShanMeruga won by resignation"]

1. d4 c6 2. c4 g6 3. Nc3 Bg7 4. e4 d6 5. Be3 Nf6 6. Be2 O-O 7. h3 Nbd7 8. Nf3 e5 9. d5 cxd5 10. cxd5 Nh5 11. g3 f5 12. exf5 gxf5 13. Ng5 Nhf6 14. Ne6 Qe7 15. Nxf8 Nxf8 16. Qb3 Ng6 17. Rc1 f4 18.
Bd2 Bf5 19. g4 Bd7 20. g5 Ne8 21. Ne4 Bf5 22. Bd3 Nh4 23. Bb4 a5 24. Ba3 Nf3+ 25.
Kd1 Nd4 26. Qc3 b5 27. b4 axb4 28. Bxb4 Rxa2 29. Rg1 Qa7 30. Nf6+ Bxf6 31. gxf6+ Kf7 32. Bxf5 Nxf5 33. Qb3 0-1

[Event "*** Titled Tuesday Blitz"]
[Site "Chess.com"]
[Date "2020.12.29"]
[Round "4"]
[White "Cambek64"]
[Black "RobPeresian"]
[Result "1-0"]
[WhiteElo "2309"]
[BlackElo "2441"]
[TimeControl "180+1"]
[EndTime "10:38:28 PST"]
[Termination "Cambek64 won on time"]

1. e4 e5 2. Nf3 Nc6 3. Bc4 Bc5 4. d3 Nf6 5. O-O d6 6. c3 a6 7. Bb3 Ba7 8. Nbd2 O-O 9. Re1 Ng4 10. Re2 Kh8 11. h3 Nh6 12. Nf1 f5 13. Bg5 Qe8 14. Bxh6 gxh6 15. d4 fxe4 16. Rxe4 Qg6 17. Ng3 exd4 18.
Nxd4 Bd7 19. Qd2 Rf6 20. Kh2 Raf8 21. f3 Ne5 22. Rf1 c6 23. a3 Bb8 24. Nde2 d5 25.
Rh4 Nf7 26. Bc2 Qg8 27. f4 Nd6 28. Nh5 Nf5 29. Nxf6 Rxf6 30. Rg4 Qf8 31. Bxf5 1-0

[Event "*** Titled Tuesday Blitz"]
[Site "Chess.com"]
[Date "2020.12.29"]
[Round "4"]
[White "Saylormoon"]
[Black "zajka-molotok"]
[Result "1-0"]
[WhiteElo "2362"]
[BlackElo "2491"]
[TimeControl "180+1"]
[EndTime "10:38:29 PST"]
[Termination "Saylormoon won by checkmate"]

1. e4 c6 2. Nc3 d5 3. Nf3 g6 4. d4 Bg7 5. exd5 cxd5 6. h3 Nc6 7. a3 Nf6 8. Bd3 Bf5 9. O-O Ne4 10. Bf4 O-O 11. Re1 Nxd4 12. Nxe4 dxe4 13. Bxe4 Bxe4 14.
Rxe4 Nxf3+ 15. Qxf3 Rc8 16. c3 e6 17. Rd1 Qb6 18.
Rb4 Qc6 19. Rxb7 Qxf3 20. gxf3 e5 21. Be3 a6 22. Rdd7 Rc6 23. a4 Rf6 24. Kg2 Re8 25. a5 e4 26. fxe4 h5 27. Bd4 Rf4 28. Bxg7 Kxg7 29.
f3 Rf6 30. Rb6 Re5 31. b4 Rg5+ 32. Kf2 Rf4 33. Rxa6 h4 34. Ke3 Rf6 35. Rxf6 Kxf6 36. Rd5 Rg3 37. a6 Rxh3 38. a7 Rh1 39. a8=Q h3 40.
Qh8+ Ke7 41. Qe5+ Kf8 42. Rd8# 1-0

[Event "*** Titled Tuesday Blitz"]
[Site "Chess.com"]
[Date "2020.12.29"]
[Round "4"]
[White "norwaytoadog"]
[Black "ARMQUEEN"]
[Result "0-1"]
[WhiteElo "2196"]
[BlackElo "2415"]
[TimeControl "180+1"]
[EndTime "10:38:29 PST"]
[Termination "ARMQUEEN won on time"]

1. e4 c5 2. Nf3 Nc6 3. Bb5 g6 4. Bxc6 dxc6 5. d3 Bg7 6. h3 Nf6 7. Nc3 Nd7 8. Be3 e5 9. Qd2 h6 10. a3 b6 11. b4 cxb4 12. axb4 Nf8 13. O-O Ne6 14. b5 c5 15. Nd5 Bb7 16. c4 Qd7 17. Nh2 g5 18. Ng4 Bxd5 19. exd5 Nf4 20. Bxf4 gxf4 21. Rfe1 Qf5 22. d4 cxd4 23. Qb4 h5 24.
Nxe5 Bxe5 25. Qd6 f6 26. Qc6+ Kf7 27. Qb7+ Kg6 28. Rxa7 Rxa7 29. Qxa7 d3 30. Qxb6 d2 31. Rd1 Qc2 32. Rxd2 Qxd2 33. Qb7 Qe1+ 34. Kh2 f3+ 0-1

[Event "*** Titled Tuesday Blitz"]
[Site "Chess.com"]
[Date "2020.12.29"]
[Round "4"]
[White "IljaJoke"]
[Black "azikom"]
[Result "1-0"]
[WhiteElo "2461"]
[BlackElo "2607"]
[TimeControl "180+1"]
[EndTime "10:38:31 PST"]
[Termination "IljaJoke won by resignation"]

1. d4 d5 2. c4 c6 3. cxd5 cxd5 4. Bf4 Nf6 5. Nc3 Nc6 6. e3 a6 7. Be2 Bf5 8. g4 Bg6 9. Qb3 Ra7 10. g5 Nh5 11. Nxd5 Nxf4 12. Nxf4 e5 13. dxe5 Bb4+ 14. Kf1 Qxg5 15. Nf3 Qf5 16. e6 O-O 17. Nxg6 hxg6 18. exf7+ Rxf7 19. h4 Kh8 20. Rd1 Bf8 21. h5 g5 22. Rd5 Qf6 23. Rxg5 b5 24. Rg6 Qf5 25. Rxc6 Rac7 26. Rxc7 Rxc7 27. Rh4 Rc1+ 28. Kg2 Be7 29. Rh3 Qg4+ 30. Rg3 Qf5 31. Qd3 Qf7 32. Ng5 Bxg5 33. Rxg5 Qb7+ 34. Bf3 1-0

[Event "*** Titled Tuesday Blitz"]
[Site "Chess.com"]
[Date "2020.12.29"]
[Round "4"]
[White "arna"]
[Black "comsac"]
[Result "0-1"]
[WhiteElo "2135"]
[BlackElo "2405"]
[TimeControl "180+1"]
[EndTime "10:38:31 PST"]
[Termination "comsac won by resignation"]

1. e4 e5 2. Nf3 Nc6 3. d4 exd4 4. Bc4 Nf6 5. e5 d5 6. Bb5 Ne4 7. Nxd4 Bd7 8. Bxc6 bxc6 9. O-O Bc5 10. Be3 Qb8 11. b3 Be7 12. f3 Ng5 13. Qd2 Ne6 14. Nf5 Bf8 15. c4 g6 16. Ng3 Bb4 17. Qf2 dxc4 18. bxc4 O-O 19. c5 Qb5 20. Ne4 Kg7 21. Qh4 h5 22. Nf6 Bxc5 23. Bxc5 Qxc5+ 24. Kh1 Bc8 25. f4 Qd4 26. Na3 Ba6 27. Rf3 Qxa1+ 0-1

[Event "*** Titled Tuesday Blitz"]
[Site "Chess.com"]
[Date "2020.12.29"]
[Round "4"]
[White "cukin84"]
[Black "zmeeed67"]
[Result "1-0"]
[WhiteElo "2187"]
[BlackElo "2393"]
[TimeControl "180+1"]
[EndTime "10:38:32 PST"]
[Termination "cukin84 won by resignation"]

1. e4 Nc6 2. d4 d6 3. c4 e5 4. d5 Nce7 5. Nc3 Ng6 6. Be2 Be7 7. Nf3 Nf6 8. O-O O-O 9. b4 a5 10. bxa5 Rxa5 11. Rb1 b6 12. Qc2 h6 13. Bd2 Ra8 14.
Nb5 Bg4 15. Rfc1 Nh5 16. g3 f5 17. Nc3 fxe4 18. Nxe4 Bxf3 19. Bxf3 Rxf3 20. Nc5 bxc5 21.
Qxg6 Qe8 22. Qe6+ Kh8 23. Rb7 Rf6 24. Qg4 Bd8 25. Rcb1 Rg6 26. Qf5 Bg5 27. Ba5 Kh7 28.
Bxc7 Rxa2 29. Bxd6 Nf6 30. Bxe5 Nd7 31. Rxd7 Bf6 32.
Bxf6 Qf8 33. Rxg7+ Kh8 34. Rxg6+ 1-0

[Event "*** Titled Tuesday Blitz"]
[Site "Chess.com"]
[Date "2020.12.29"]
[Round "4"]
[White "CheckThis4"]
[Black "tigra"]
[Result "0-1"]
[WhiteElo "2543"]
[BlackElo "2828"]
[TimeControl "180+1"]
[EndTime "10:38:33 PST"]
[Termination "tigra won on time"]

1. d4 Nf6 2. Bg5 c5 3. Nc3 cxd4 4. Qxd4 Nc6 5. Qh4 d5 6. O-O-O e6 7. e4 d4 8. Nf3 Qb6 9. Bxf6 gxf6 10. Nxd4 Bg7 11. Nxc6 bxc6 12. Rd3 Rb8 13. b3 Qb4 14. Rg3 Rg8 15.
Qxh7 Kf8 16. Bc4 Qd6 17. Rd1 Qc7 18. Kb1 Bb7 19. h4 c5 20. h5 Qxg3 21. fxg3 Rh8 22. Qxh8+ Bxh8 23. Rd7 f5 24. Nb5 Bc6 25. Rxa7 Bxb5 26.
Bxb5 Rxb5 27. Ra8+ Kg7 28. exf5 exf5 29. a4 Rb6 30. a5 Rh6 31. a6 Kh7 0-1

[Event "*** Titled Tuesday Blitz"]
[Site "Chess.com"]
[Date "2020.12.29"]
[Round "4"]
[White "andrewtnb"]
[Black "Bodnar_Mykola"]
[Result "0-1"]
[WhiteElo "2350"]
[BlackElo "2549"]
[TimeControl "180+1"]
[EndTime "10:38:33 PST"]
[Termination "Bodnar_Mykola won on time"]

1. d4 Nf6 2. c4 g6 3. Nc3 d5 4. cxd5 Nxd5 5. e4 Nxc3 6. bxc3 Bg7 7. Nf3 c5 8. Be2 O-O 9. O-O Nc6 10. Be3 b6 11. d5 Ne5 12. Nxe5 Bxe5 13. Qd2 Bb7 14. f4 Bg7 15. Rab1 Qd7 16. c4 e6 17. f5 exf5 18.
exf5 Rfe8 19. f6 Bf8 20. Bh6 Bd6 21. h3 Ba6 22. Bd3 Be5 23. Kh1 Qd6 24. Bg7 Bd4 25. Qh6 Re3 26. Rbd1 Rxd3 27. Rxd3 Bxc4 28. Rxd4 cxd4 29.
Re1 Bxd5 30. Qd2 Qg3 31. Kg1 Bxg2 32. Qxg2 Qxe1+ 33. Kh2 Re8 0-1

[Event "*** Titled Tuesday Blitz"]
[Site "Chess.com"]
[Date "2020.12.29"]
[Round "4"]
[White "Keranke"]
[Black "Lion-Al-Messi"]
[Result "1-0"]
[WhiteElo "2829"]
[BlackElo "2546"]
[TimeControl "180+1"]
[EndTime "10:38:35 PST"]
[Termination "Keranke won by resignation"]

1. d4 b6 2. e4 Bb7 3. Bd3 e6 4. Qe2 d5 5. e5 Qc8 6. b3 Ne7 7. Nf3 c5 8. O-O cxd4 9. Nxd4 Nbc6 10. Nb5 Ng6 11. Ba3 Ngxe5 12. Nd6+ Bxd6 13. Bxd6 Nxd3 14. cxd3 Qd7 15. Ba3 Nd4 16. Qb2 Nf5 17. Nd2 O-O-O 18. Nf3 f6 19. d4 g5 20. Rfe1 g4 21. Nd2 Kb8 22. Nf1 h5 23. Ng3 Nxg3 24. fxg3 h4 25. Qf2 hxg3 26. Qxg3+ Ka8 27. Rac1 Rc8 28. Rxc8+ Rxc8 29. Qxg4 Re8 30. h4 Qc6 31. Qg6 e5 32. h5 Rh8 33. Bb2 e4 34. h6 f5 35. Qxc6 Bxc6 36.
Bc1 Kb7 37. Kf2 Kc7 38. Rh1 Kd6 39. h7 Ke7 40. Bf4 e3+ 41. Kxe3 1-0

[Event "*** Titled Tuesday Blitz"]
[Site "Chess.com"]
[Date "2020.12.29"]
[Round "4"]
[White "amatatanav"]
[Black "garicradomir"]
[Result "0-1"]
[WhiteElo "2433"]
[BlackElo "2294"]
[TimeControl "180+1"]
[EndTime "10:38:35 PST"]
[Termination "garicradomir won on time"]

1. e4 c5 2. Ne2 Nc6 3. Nbc3 e6 4. d4 cxd4 5. Nxd4 Qc7 6. Be3 a6 7. Qf3 Ne5 8. Qg3 h5 9. Bf4 d6 10. Bg5 Nf6 11. f4 Nc4 12. O-O-O Be7 13. e5 dxe5 14.
fxe5 h4 15. Bxh4 Nxe5 16. Nf3 Rxh4 17. Qxh4 Nxf3 18. gxf3 Bd7 19. Qg3 O-O-O 20. Qxg7 Be8 21. Rxd8+ Bxd8 22. Qg3 Qa5 23. Kb1 Bc7 24. Qe1 Bc6 25. Be2 Be5 26. h4 Qb4 27. h5 Nd5 28. Kc1 Nxc3 0-1

[Event "*** Titled Tuesday Blitz"]
[Site "Chess.com"]
[Date "2020.12.29"]
[Round "4"]
[White "FMalexhdez"]
[Black "MoreChessJulia"]
[Result "1-0"]
[WhiteElo "2276"]
[BlackElo "2083"]
[TimeControl "180+1"]
[EndTime "10:38:35 PST"]
[Termination "FMalexhdez won by checkmate"]

1. e4 c5 2. Nf3 d6 3. d4 cxd4 4. Nxd4 Nf6 5. Nc3 a6 6. h3 e6 7. g4 b5 8. Bg2 Bb7 9. g5 Nfd7 10. O-O Qc7 11. a3 g6 12. h4 h6 13. Nde2 Be7 14. Be3 Nc6 15. Qd2 Nce5 16. b3 Ng4 17. Bf4 e5 18.
Bg3 hxg5 19. hxg5 Qc5 20. Bf3 f5 21. gxf6 Ndxf6 22. Rad1 Nh6 23. Nd5 Bxd5 24. exd5 Nf5 25. c4 e4 26. Bg2 e3 27. Qd3 O-O-O 28. Nd4 Nxg3 29. fxg3 Ng4 30. b4 Qa7 31. c5 dxc5 32. Nc6 Qc7 33. Rf7 Qxg3 34. Nxe7+ Kb8 35. Nc6+ Ka8 36.
Ra7# 1-0

[Event "*** Titled Tuesday Blitz"]
[Site "Chess.com"]
[Date "2020.12.29"]
[Round "4"]
[White "Love_craft"]
[Black "gahryman"]
[Result "0-1"]
[WhiteElo "2487"]
[BlackElo "2690"]
[TimeControl "180+1"]
[EndTime "10:38:36 PST"]
[Termination "gahryman won by checkmate"]

1. Nf3 Nf6 2. g3 g6 3. Bg2 Bg7 4. O-O O-O 5. d4 d6 6. c4 c6 7. Nc3 Bf5 8. Nd2 Be6 9. e4 d5 10. e5 Ne8 11. cxd5 cxd5 12. Nb3 Na6 13. Be3 Nec7 14.
Rc1 Qd7 15. Qd2 Bh3 16. Bh6 Rac8 17. Bxg7 Kxg7 18. Rfe1 Bxg2 19. Kxg2 Ne6 20. f4 f5 21.
exf6+ exf6 22. Re2 Rce8 23. Rce1 Nec7 24. a3 Rxe2+ 25.
Rxe2 Re8 26. Nc5 Nxc5 27. dxc5 Rxe2+ 28. Nxe2 Ne6 29. b4 d4 30. Qd3 Qd5+ 31. Qf3 Qa2 32. Qxb7+ Kh6 33. Qa6 Qd5+ 34. Kf2 d3 35. Qxa7 d2 36.
Nc3 Qd4+ 37. Ke2 Qxc3 38. Qd7 Nd4+ 39. Kf2 Qf3+ 40. Kg1 d1=Q# 0-1

[Event "*** Titled Tuesday Blitz"]
[Site "Chess.com"]
[Date "2020.12.29"]
[Round "4"]
[White "scabies1"]
[Black "stanyga"]
[Result "0-1"]
[WhiteElo "2330"]
[BlackElo "2605"]
[TimeControl "180+1"]
[EndTime "10:38:36 PST"]
[Termination "stanyga won by resignation"]

1. e4 c5 2. Nf3 e6 3. d4 cxd4 4. Nxd4 Nc6 5. Nc3 Qc7 6. Be3 a6 7. Qd2 Nf6 8. f3 Be7 9. O-O-O b5 10. g4 O-O 11. g5 Nh5 12. Bh3 Nxd4 13. Bxd4 Nf4 14.
Bf1 Bxg5 15. Be3 Bb7 16. Rg1 Bh6 17. Kb1 Rac8 18. Ne2 Nxe2 19. Bxh6 Nxg1 20. Qg2 Qxc2+ 21. Qxc2 Rxc2 22. Kxc2 gxh6 23. Rxd7 Bc6 24. Rc7 Nxf3 25. Kd3 Ne5+ 26. Kd4 f6 27. Bh3 Rd8+ 28. Kc5 Bxe4 29. Bxe6+ Kh8 30. Ra7 Nd3+ 31. Kb6 Rd6+ 32. Ka5 Rxe6 0-1

[Event "*** Titled Tuesday Blitz"]
[Site "Chess.com"]
[Date "2020.12.29"]
[Round "4"]
[White "Tekushka"]
[Black "pavelalexandru07"]
[Result "1-0"]
[WhiteElo "2452"]
[BlackElo "2281"]
[TimeControl "180+1"]
[EndTime "10:38:36 PST"]
[Termination "Tekushka won by checkmate"]

1. e4 c5 2. Nf3 d6 3. d4 cxd4 4.
Nxd4 Nf6 5. Nc3 a6 6. Be3 e5 7. Nb3 Be6 8. h3 h5 9. f4 Be7 10. f5 Bd7 11. Qd2 Bc6 12. Bd3 b5 13. a3 Nbd7 14.
O-O-O Rc8 15. Kb1 Bb7 16. Rhe1 Qc7 17. Bf2 Nb6 18. Bxb6 Qxb6 19. Nd5 Bxd5 20. exd5 h4 21. Bf1 Nh5 22. Na5 Nf4 23. Nc6 Bg5 24. Qb4 Kd7 25. a4 Rc7 26. axb5 axb5 27. Bxb5 Kc8 28. Re3 Nxd5 29. Rxd5 Bxe3 30. Rxd6 Bc5 31. Ba6+ Qxa6 32. Qb8# 1-0

[Event "*** Titled Tuesday Blitz"]
[Site "Chess.com"]
[Date "2020.12.29"]
[Round "4"]
[White "Kazmin_Dmitrij"]
[Black "TomasKapitanchuk"]
[Result "0-1"]
[WhiteElo "2258"]
[BlackElo "2438"]
[TimeControl "180+1"]
[EndTime "10:38:36 PST"]
[Termination "TomasKapitanchuk won on time"]

1. e4 c5 2. Nc3 Nc6 3. Bb5 Nd4 4. Bd3 e6 5. Nce2 Nc6 6. c3 d5 7. exd5 Qxd5 8. Qc2 Qxg2 9. Be4 Qg5 10. Nf3 Qd8 11. d4 Nf6 12. Bg5 Qb6 13. Bd3 Be7 14. Rg1 Bd7 15. O-O-O O-O-O 16. Bf4 Nh5 17. Be3 Kb8 18. dxc5 Bxc5 19. Bxc5 Qxc5 20. Ng5 Ne5 21. Ne4 Qc7 22. Rg5 g6 23. Kb1 Nxd3 24. Rxd3 Bc6 25. Nc5 Qxh2 26.
b4 Nf4 27. Nxf4 Qxf4 28. Rgg3 Bb5 29. Rxd8+ Rxd8 30. Kb2 Rd2 31. a4 Rxc2+ 32. Kxc2 Bc6 33. Kb3 Qxf2 34. Rd3 Bd5+ 35. c4 Bc6 36. Rd8+ Kc7 37.
Rf8 Qe3+ 38. Kb2 Qd4+ 39. Kb3 b6 40. Rxf7+ Kd6 41. Na6 Qd3+ 42. Kb2 Qxc4 43. b5 Qxa4 44. Nb8 Qxb5+ 45. Ka3 Qa4+ 46. Kb2 Bd5 0-1